 Dungeon Crawl Stone Soup version 0.19-a0-747-g9c36c40 (webtiles) character file.

315 Gottschkopf the Magician (level 6, -2/32 HPs)
             Began as a Deep Elf Conjurer on June 24, 2016.
             Slain by KuKumber's ghost (7 damage)
             ... on level 4 of the Dungeon.
             The game lasted 00:09:29 (3583 turns).

Gottschkopf the Magician (Deep Elf Conjurer)        Turns: 3583, Time: 00:09:30

Health: -2/32      AC:  7    Str:  5    XL:     6   Next: 20%
Magic:  1/18       EV: 13    Int: 22    God:
Gold:   113        SH:  4    Dex: 15    Spells: 5 memorised, 3 levels left

rFire  . . .     SeeInvis +     a - +2 dagger (protect)
rCold  . . .     Gourm    .     u - +0 robe
rNeg   . . .     Faith    .     (no shield)
rPois  .         Spirit   .     (no helmet)
rElec  .         Dismiss  .     (no cloak)
rCorr  .         Reflect  +     (no gloves)
SustAt .         Harm     .     (no boots)
MR     .....                    r - +4 amulet of reflection (curse)
Stlth  ++........               s - ring of see invisible
                                m - ring of flight

@: not resistant to hostile enchantments, unstealthy
A: no striking features
a: Evoke Flight


You were on level 4 of the Dungeon.
You were hungry.

You visited 1 branch of the dungeon, and saw 4 of its levels.

You collected 113 gold pieces.

Inventory:

Hand Weapons
 a - a +2 dagger of protection (weapon)
Armour
 u - a +0 robe (worn)
Jewellery
 m - a ring of flight (left hand)
 r - a cursed +4 amulet of reflection (around neck)
 s - a ring of see invisible (right hand)
Scrolls
 d - 2 scrolls of amnesia {unknown}
 e - a scroll of random uselessness {unknown}
 f - 2 scrolls of identify {unknown}
 h - a scroll of blinking {unknown}
 i - a scroll of enchant armour {unknown}
 o - 2 scrolls of enchant weapon {unknown}
 p - a scroll of teleportation {unknown}
 t - 2 scrolls of noise {unknown}
Potions
 g - a potion of resistance {unknown}
 k - 2 potions of degeneration {unknown}
 l - a potion of cure mutation {unknown}
 n - a potion of haste {unknown}
 q - a potion of lignification {unknown}
Books
 b - a book of Conjurations

   Spells                             Type                      Level
   a - Magic Dart                     Conjuration                  1
   b - Searing Ray                    Conjuration                  2
   c - Dazzling Spray                 Conjuration/Hexes            3
   d - Fulminant Prism                Conjuration/Hexes            4
   e - Iskenderun's Mystic Blast      Conjuration                  4
   f - Iskenderun's Battlesphere      Conjuration/Charms           5
Comestibles
 c - 4 bread rations
 j - a meat ration


   Skills:
 - Level 2.4 Dodging
 - Level 2.4 Stealth
 - Level 7.2 Spellcasting
 + Level 4.6 Conjurations
 - Level 4.8 Charms


You had 3 spell levels left.
You knew the following spells:

 Your Spells              Type           Power        Failure   Level  Hunger
a - Magic Dart            Conj           ####         1%          1    None
b - Searing Ray           Conj           ####..       1%          2    None
c - Iskenderun's Mystic   Conj           ####....     14%         4    ###....
d - Fulminant Prism       Conj/Hex       ###.......   34%         4    ###....
e - Iskenderun's Battles  Conj/Chrm      ####....     34%         5    #####..


Dungeon Overview and Level Annotations

Branches:
Dungeon (4/15)
 Temple: D:4-7

Altars:
The Shining One

Annotations:
D:4 KuKumber's ghost, novice HaFi


Message History

Confirm with . or Enter, or press ? or * to list all spells.
You don't have enough magic to cast that spell.
Casting: Iskenderun's Mystic Blast
Confirm with . or Enter, or press ? or * to list all spells.
Aiming: Magic Dart
Press: ? - help, Shift-Dir - straight line, f/p - KuKumber's ghost
Aim: KuKumber's ghost (almost destroyed)
The magic dart hits KuKumber's ghost.
KuKumber's ghost is almost destroyed.
KuKumber's ghost completely misses you.
Casting: Magic Dart
Confirm with . or Enter, or press ? or * to list all spells.
Aiming: Magic Dart
Press: ? - help, Shift-Dir - straight line, f/p - KuKumber's ghost
Aim: KuKumber's ghost (almost destroyed)
The magic dart hits KuKumber's ghost.
KuKumber's ghost is almost destroyed.
KuKumber's ghost wails, "They lied to you.
The Dungeon just goes down and down forever."
KuKumber's ghost hits you!
You die...

######.####'#.....# ..#.........#
..#.........#.....# .#.........#
..#.........#.....# #.........#
..#.........#.....# #.........+
..##.########.....#####.........#
..##.#...........................
.....#...................(.......
.....#...........................
.....'..........@................
.....#..........W................
######..(..#+###.....############
.....#.....#...#.....#
.....#.....#...#.....#
.....#.....#)..#.....#
'#####.....#...#.....#
...........#...#.....#
...........#...#.....#


You could see KuKumber's ghost.

Vanquished Creatures
  A water moccasin skeleton (D:4)
  A scorpion (D:4)
  2 orc wizards (D:3)
  2 worker ants (D:4)
  3 adders
  3 worms
  4 giant geckos
  8 orcs (D:3)
  7 bats
  5 giant cockroaches
  5 goblins
  6 hobgoblins
  13 kobolds
  A quokka (D:3)
  2 ball pythons
  A giant gecko skeleton (D:4)
  3 giant newts
  5 rats
72 creatures vanquished.

Notes
Turn   | Place    | Note
--------------------------------------------------------------
     0 | D:1      | Gottschkopf the Deep Elf Conjurer began the quest for the Orb.
     0 | D:1      | Reached XP level 1. HP: 10/10 MP: 6/6
   265 | D:1      | Reached skill level 4 in Spellcasting
   265 | D:1      | Reached XP level 2. HP: 15/15 MP: 0/9
   810 | D:2      | Reached XP level 3. HP: 19/19 MP: 3/11
   852 | D:2      | Learned a level 2 spell: Searing Ray
   968 | D:2      | Reached skill level 5 in Spellcasting
  1164 | D:2      | Found a faded altar of an unknown god.
  1283 | D:2      | Found a glowing golden altar of the Shining One.
  1676 | D:3      | Reached skill level 6 in Spellcasting
  1676 | D:3      | Reached XP level 4. HP: 24/24 MP: 8/14
  2093 | D:3      | Reached skill level 7 in Spellcasting
  2093 | D:3      | Reached XP level 5. HP: 9/28 MP: 6/16
  2135 | D:3      | Learned a level 4 spell: Iskenderun's Mystic Blast
  2140 | D:3      | Learned a level 4 spell: Fulminant Prism
  2146 | D:3      | Learned a level 5 spell: Iskenderun's Battlesphere
  2497 | D:3      | Reached skill level 1 in Charms
  3049 | D:4      | Reached XP level 6. HP: 24/32 MP: 6/18
  3134 | D:4      | Noticed KuKumber's ghost (novice HaFi)
  3583 | D:4      | Slain by KuKumber's ghost

Vault maps used:
D:1:      zaba_arrival_water
D:2:      ecumenical_altar_1, first_bread, tso_metal_star
D:4:      nicolae_overflow_hidden_temple, uniq_pikel

Skill      XL: |  1  2  3  4  5 |
---------------+----------------+-----
Spellcasting   | 4 6 7 |  7.2
Charms         | 4 |  4.8
Dodging        | |  2.4
Stealth        | |  2.4
Conjurations   | |  4.6

Action                   |  1- 3 |  4- 6 || total
-------------------------+-------+-------++-------
 Cast: Magic Dart        |    85 |    92 ||   177
       Searing Ray       |     1 |     8 ||     9
       Iskenderun's Myst |       |     1 ||     1
       Iskenderun's Batt |       |     1 ||     1
  Eat: Chunk             |     2 |     6 ||     8
Armor: Robe              |     2 |    14 ||    16
Dodge: Dodged            |     9 |    21 ||    30
Block: Other             |       |     4 ||     4
